 Dungeon Crawl Stone Soup version 0.30.0-10-gfe55d96785 (webtiles) character file.

Game seed: 13194191465384095134

2066 qw the Cleaver (level 9, -5/56 HPs)
             Began as a Gargoyle Cinder Acolyte on May 17, 2023.
             Was a Believer of Ignis.
             Slain by an orc warrior
             ... wielding a +0 glaive
              (16 damage)
             ... on level 6 of the Dungeon.
             The game lasted 00:03:15 (5793 turns).

qw the Cleaver (Gargoyle Cinder Acolyte)            Turns: 5793, Time: 00:03:15

Health: -5/56      AC:  7    Str: 23    XL:     9   Next: 26%
Magic:  10/10      EV: 17    Int: 14    God:    Ignis [**....]
Gold:   252        SH:  0    Dex: 10    Spells: 10/10 levels left

rFire   + . .        e - melded +0 broad axe (pain)
rCold   . . .        (shield currently unavailable)
rNeg    + . .        h - melded +0 plate armour
rPois   inf          i - melded +2 helmet
rElec   .            (cloak currently unavailable)
rCorr   .            d - melded +1 pair of gloves
SInv    .            f - melded +0 pair of boots
Will    .....        (no amulet)
Stlth   +            (ring currently unavailable)
HPRegen 0.29/turn    (ring currently unavailable)
MPRegen 0.12/turn

%: no passive effects
@: bat-form, fiery-armoured, flying, very quick
A: fast, flying, no casting, sickness immunity, AC +6, tiny, negative energy
resistance 1, (electricity resistance), torment resistance 1, petrification
resistance
a: Renounce Religion, Fiery Armour, Foxfire Swarm, Rising Flame


You were on level 6 of the Dungeon.
You worshipped Ignis.
Ignis was pleased with you.
You were a bat.
You visited 1 branch of the dungeon, and saw 6 of its levels.

You collected 408 gold pieces.
You spent 156 gold pieces at shops.


Innate Abilities, Weirdness & Mutations

You are a bat.
You are tiny and dextrous.
You move quickly.
You are flying.
Your equipment is almost entirely melded.
You are incapable of wielding weapons or throwing items.
You cannot cast spells.
You are immune to sickness and miasma.
((Your stone body is resilient. (AC +6)))
You are immune to poison.
You resist negative energy. (rN+)
((You are resistant to electric shocks. (rElec)))
You are resistant to unholy torment.
You are immune to petrification.


   Skills:
 - Level 6.9 Fighting
 - Level 8.6 Axes
 - Level 6.1 Armour
 + Level 0.0 Dodging
 - Level 1.0 Spellcasting
 - Level 3.0 Fire Magic


You had 10 spell levels left.
You didn't know any spells.
Your spell library contained the following spells:

 Spells                   Type           Power      Damage    Failure   Level
 Scorch                   Fire           18%        2d6       12%         2

Inventory:

Hand Weapons
 e - a +0 broad axe of pain (melded)
 Y - a -1 hand axe of flaming
Armour
 d - a +1 pair of gloves (melded)
 f - a +0 pair of boots (melded)
 h - a +0 plate armour (melded)
 i - a +2 helmet (melded)
Wands
 a - a wand of digging (9)
Scrolls
 c - a scroll of teleportation {unknown}
 m - a scroll of identify
Potions
 b - a potion of haste
 j - 2 potions of might
 k - a potion of mutation {unknown}
 l - a potion of invisibility {unknown}
 n - a potion of magic {unknown}

Dungeon Overview and Level Annotations

Branches:
Dungeon (6/15)             Temple (0/1) D:4

Altars:
Dithmenos
Kikubaaqudgha
Okawaru
Trog
Uskayaw
Zin

Shops:
D:3 =   D:6 *

Annotations:
D:5 1 runed translucent door, Crazy Yiuf


Message History

The orc warrior hits you with a +0 glaive!
You hit the orc warrior but do no damage.
The orc warrior is heavily wounded.
The orc warrior closely misses you.
You hit the orc warrior but do no damage.
The orc warrior is heavily wounded.
The orc warrior closely misses you.
You hit the orc warrior but do no damage.
The orc warrior is heavily wounded.
The orc warrior misses you.
You hit the orc warrior but do no damage.
The orc warrior is heavily wounded.
You hit the orc warrior but do no damage.
The orc warrior is heavily wounded.
The orc warrior barely misses you.
You hit the orc warrior.
The orc warrior is heavily wounded.
The orc warrior closely misses you.
You barely miss the orc warrior.
The orc warrior is heavily wounded.
The orc warrior barely misses you.
You hit the orc warrior but do no damage.
The orc warrior is heavily wounded.
The orc warrior misses you.
You barely miss the orc warrior.
The orc warrior is heavily wounded.
You hit the orc warrior.
The orc warrior is severely wounded.
The orc warrior hits you with a +0 glaive!
The orc warrior is burned by your cloak of flames.
The orc warrior is severely wounded.
You hit the orc warrior but do no damage.
The orc warrior is severely wounded.
The orc warrior hits you with a +0 glaive!
The orc warrior is burned by your cloak of flames.
The orc warrior is almost dead.
You barely miss the orc warrior.
The orc warrior is almost dead.
The orc warrior hits you with a +0 glaive!
You die...

.# #.#. ###. #.#)# ..#.#
#.#.# #.#.#
#.#)########### ..#.#
#.#.......[...# ###.#
##.#......)....#
..#.####..#.....bo....#
#.#.......#....##).)....
.)#....8...\.8.# .##....
###.......#....# <# ...
............#### .# [
.........#### ..
.........+ .. ........?#
#. .# .....##### #.#.#


You could see an orc warrior.

Vanquished Creatures
  Pikel (D:5)
  Prince Ribbit (D:6)
  Sigmund (D:5)
  A water moccasin (D:5)
  A sky beast (D:6)
  2 black bears (D:4)
  An ice beast (D:6)
  2 ogres (D:5)
  4 lemures (D:5)
  A scorpion (D:4)
  A hound (D:5)
  2 jellies (D:6)
  2 orc priests
  Jessica (D:3)
  Natasha (thrice) (D:3)
  An iguana (D:4)
  2 orc wizards (D:5)
  2 gnolls
  8 adders
  A white imp (D:6)
  2 ufetubi (D:4)
  3 worms
  4 dart slugs
  12 orcs
  7 ball pythons
  4 bats
  7 endoplasms
  4 giant cockroaches
  8 goblins
  7 hobgoblins
  15 jackals
  3 quokkas
  2 frilled lizards (D:1)
  13 kobolds
  4 rats
133 creatures vanquished.

Vanquished Creatures (others)
  A human (D:4)
1 creature vanquished.

Grand Total: 134 creatures vanquished

Notes
Turn   | Place    | Note
-------+----------+-------------------------------------------
     0 | D:1      | qw the Gargoyle Cinder Acolyte began the quest for the Orb.
     0 | D:1      | Reached XP level 1. HP: 14/14 MP: 2/2
     0 | D:1      | 0 ||| qw: Version: 0.2-a-95-g4c1bab1
     0 | D:1      | 0 ||| qw: Game counter: 84
     0 | D:1      | 0 ||| qw: Always use a shield: true
     0 | D:1      | 0 ||| qw: God list: Okawaru
     0 | D:1      | 0 ||| qw: Allow faded altars: false
     0 | D:1      | 0 ||| qw: Do Orc after D:15 true
     0 | D:1      | 0 ||| qw: Do second Lair branch before Depths: true
     0 | D:1      | 0 ||| qw: Lair rune preference: random
     0 | D:1      | 0 ||| qw: Plans: Normal
     0 | D:1      | 0 ||| PLANNING D:1-11
   118 | D:1      | Reached skill level 3 in Axes
   160 | D:1      | Reached XP level 2. HP: 19/19 MP: 3/3
   220 | D:1      | 220 ||| Stepping ~*~*~tactically~*~*~ (hiding).
   293 | D:1      | You fall into a shaft and drop 1 floor!
   295 | D:2      | Found a faded altar of an unknown god.
   360 | D:2      | 360 ||| UPGRADING to +0 ring mail.
   370 | D:2      | 370 ||| DROPPING +0 robe.
   371 | D:2      | 371 ||| UPGRADING to +0 chain mail.
   381 | D:2      | 381 ||| DROPPING +0 ring mail.
   382 | D:2      | 382 ||| READING scroll labelled MAFAMU WEUR.
   383 | D:2      | 383 ||| READING scroll labelled KAOHOCRUAT.
   384 | D:2      | 384 ||| READING scroll labelled POHUJOVEIW.
   393 | D:1      | 393 ||| Stepping ~*~*~tactically~*~*~ (hiding).
   514 | D:1      | Reached skill level 1 in Armour
   590 | D:1      | Reached XP level 3. HP: 21/23 MP: 4/4
   608 | D:1      | 608 ||| Stepping ~*~*~tactically~*~*~ (hiding).
   729 | D:1      | 729 ||| Stepping ~*~*~tactically~*~*~ (stealth).
   741 | D:1      | 741 ||| Stepping ~*~*~tactically~*~*~ (stealth).
  1002 | D:1      | Reached skill level 4 in Axes
  1342 | D:1      | 1342 ||| UPGRADING to +0 pair of gloves.
  1347 | D:1      | 1347 ||| UPGRADING to +2 helmet.
  1352 | D:1      | 1352 ||| READING scroll labelled NAOSMO GIUKH.
  1353 | D:1      | 1353 ||| DRINKING 2 golden potions.
  1354 | D:1      | 1354 ||| DROPPING potion of degeneration.
  1498 | D:2      | Reached XP level 4. HP: 28/28 MP: 5/5
  1879 | D:2      | 1879 ||| UPGRADING to +0 pair of boots.
  1884 | D:2      | 1884 ||| UPGRADING to +0 plate armour.
  1894 | D:2      | 1894 ||| DROPPING +0 chain mail.
  1941 | D:3      | 1941 ||| STAIRDANCE
  2095 | D:3      | 2095 ||| INVOKING Fiery Armour.
  2098 | D:3      | Reached skill level 3 in Armour
  2121 | D:3      | 2121 ||| Stepping ~*~*~tactically~*~*~ (hiding).
  2122 | D:3      | 2122 ||| Stepping ~*~*~tactically~*~*~ (hiding).
  2286 | D:3      | Noticed Natasha
  2287 | D:3      | 2287 ||| Stepping ~*~*~tactically~*~*~ (hiding).
  2302 | D:3      | Killed Natasha
  2303 | D:3      | Reached XP level 5. HP: 21/32 MP: 6/6
  2429 | D:3      | Noticed Natasha
  2445 | D:3      | HP: 8/32 [Natasha/magic dart (11)]
  2446 | D:3      | 2446 ||| INVOKING Fiery Armour.
  2447 | D:3      | HP: 3/32 [Natasha (6)]
  2450 | D:3      | Killed Natasha
  2565 | D:3      | Noticed Natasha
  2566 | D:3      | 2566 ||| Stepping ~*~*~tactically~*~*~ (stealth).
  2588 | D:3      | 2588 ||| INVOKING Fiery Armour.
  2588 | D:3      | Killed Natasha
  2735 | D:3      | Found Faep's Jewellery Shop.
  2752 | D:3      | 2752 ||| SHOPLISTING +4 ring of protection (504 gold, have
                  | 145).
  2752 | D:3      | 2752 ||| SHOPLISTING +4 ring of slaying (1092 gold, have
                  | 145).
  2752 | D:3      | 2752 ||| SHOPLISTING ring of fire (350 gold, have 145).
  2801 | D:3      | Found an iron altar of Okawaru.
  2801 | D:3      | Found a bloodstained altar of Trog.
  2801 | D:3      | Noticed Jessica
  2810 | D:3      | Killed Jessica
  2811 | D:3      | Reached skill level 5 in Axes
  2820 | D:3      | Reached XP level 6. HP: 32/37 MP: 7/7
  2858 | D:3      | 2858 ||| DRINKING 2 lumpy red potions.
  2859 | D:3      | 2859 ||| DRINKING 3 white potions.
  2990 | D:4      | 2990 ||| Stepping ~*~*~tactically~*~*~ (hiding).
  2991 | D:4      | 2991 ||| Stepping ~*~*~tactically~*~*~ (hiding).
  3032 | D:4      | 3032 ||| Stepping ~*~*~tactically~*~*~ (stealth).
  3133 | D:4      | Noticed a black bear
  3149 | D:4      | Killed a black bear
  3160 | D:4      | 3160 ||| Stepping ~*~*~tactically~*~*~ (stealth).
  3163 | D:4      | 3163 ||| Stepping ~*~*~tactically~*~*~ (stealth).
  3165 | D:4      | 3165 ||| Stepping ~*~*~tactically~*~*~ (stealth).
  3167 | D:4      | 3167 ||| Stepping ~*~*~tactically~*~*~ (stealth).
  3212 | D:4      | Found a staircase to the Ecumenical Temple.
  3228 | D:4      | Reached XP level 7. HP: 43/43 MP: 8/8
  3287 | D:4      | Reached skill level 6 in Axes
  3377 | D:4      | Identified the +6 rapier "Worm's Wrath" {freeze, Fragile
                  | rN+ Dex+2}
  3407 | D:4      | 3407 ||| INVOKING Fiery Armour.
  3473 | D:4      | Found an ancient bone altar of Kikubaaqudgha.
  3474 | D:4      | Noticed a human
  3479 | D:4      | Killed a human
  3521 | D:4      | 3521 ||| DROPPING ring of magical power.
  3522 | D:4      | 3522 ||| READING scroll labelled ALUUSE UNUCLO.
  3523 | D:4      | 3523 ||| READING scroll labelled TAJOOQEINO.
  3524 | D:4      | 3524 ||| DRINKING 2 bubbling green potions.
  3525 | D:4      | 3525 ||| READING 3 scrolls of identify.
  3525 | D:4      | 3525 ||| IDENTIFYING glowing golden potion
  3526 | D:4      | 3526 ||| READING 2 scrolls of identify.
  3526 | D:4      | 3526 ||| IDENTIFYING lumpy coppery potion
  3527 | D:4      | 3527 ||| DROPPING potion of flight.
  3528 | D:4      | 3528 ||| DROPPING potion of attraction.
  3531 | D:5      | Entered Level 5 of the Dungeon
  3532 | D:5      | Found a shadowy altar of Dithmenos.
  3572 | D:5      | 3572 ||| Stepping ~*~*~tactically~*~*~ (stealth).
  3576 | D:5      | 3576 ||| Stepping ~*~*~tactically~*~*~ (hiding).
  3601 | D:5      | 3601 ||| DRINKING potion of curing.
  3601 | D:5      | 3601 ||| (to cure confusion)
  3647 | D:5      | 3647 ||| Stepping ~*~*~tactically~*~*~ (stealth).
  3649 | D:5      | 3649 ||| Stepping ~*~*~tactically~*~*~ (stealth).
  3651 | D:5      | 3651 ||| Stepping ~*~*~tactically~*~*~ (stealth).
  3673 | D:5      | Reached skill level 7 in Axes
  3817 | D:5      | Found a glowing silver altar of Zin.
  3818 | D:5      | Noticed Pikel
  3846 | D:5      | 3846 ||| INVOKING Fiery Armour.
  4014 | D:5      | Killed Pikel
  4015 | D:5      | Reached skill level 6 in Fighting
  4015 | D:5      | Reached XP level 8. HP: 32/52 MP: 9/9
  4112 | D:5      | Found a hide-covered altar of Uskayaw.
  4170 | D:5      | 4170 ||| INVOKING Fiery Armour.
  4339 | D:5      | Noticed Sigmund
  4355 | D:5      | Killed Sigmund
  4697 | D:5      | Found a runed translucent door.
  4698 | D:5      | Noticed Crazy Yiuf
  4915 | D:5      | 4915 ||| UPGRADING to +1 pair of gloves.
  4925 | D:5      | 4925 ||| DROPPING +0 pair of gloves.
  4926 | D:5      | 4926 ||| DRINKING 2 smoky green potions.
  4934 | D:5      | 4934 ||| DROPPING potion of ambrosia.
  5021 | D:6      | Noticed Prince Ribbit
  5034 | D:6      | 5034 ||| INVOKING Fiery Armour.
  5037 | D:6      | HP: 6/52 [Prince Ribbit (12)]
  5038 | D:6      | 5038 ||| DRINKING potion of heal wounds.
  5039 | D:6      | Killed Prince Ribbit
  5040 | D:6      | Reached skill level 8 in Axes
  5040 | D:6      | Reached XP level 9. HP: 19/56 MP: 10/10
  5279 | D:6      | Reached skill level 6 in Armour
  5660 | D:6      | 5660 ||| INVOKING Fiery Armour.
  5761 | D:6      | Found Bosaro's Sacrilege Store.
  5770 | D:6      | 5770 ||| BUYING +0 broad axe of pain (156 gold).
  5770 | D:6      | Bought a +0 broad axe of pain for 156 gold pieces
  5770 | D:6      | 5770 ||| SWAPPING to +0 broad axe of pain.
  5776 | D:6      | 5776 ||| INVOKING Fiery Armour.
  5792 | D:6      | HP: 11/56 [orc warrior/+0 glaive (12)]
  5793 | D:6      | Slain by an orc warrior

Levels and vault maps discovered:
D:1:      kilobyte_arrival_exit_the_forest, layout_loops_ring
D:2:      layout_loops_ring, hellmonk_ecumenical_altar_blasted,
          kennysheep_another_room
D:3:      layout_rooms, grunt_temple_overflow_bloody_war, serial_shops, shop,
          uniq_natasha, uniq_jessica
D:4:      layout_rooms, tgw_kikubaaqudgha, minmay_temple_entry_offerings,
          minmay_joined_circles
D:5:      layout_loops_ring, zin_academy, mainiacjoe_overflow_24_doors,
          nicolae_dithmenos_shadow_blocks, uniq_crazy_yiuf_cottage,
          uniq_sigmund, uniq_pikel
D:6:      layout_basic, nicolae_evil_shop, uniq_menkaure, uniq_prince_ribbit1

Skill      XL: |  1  2  3  4  5  6  7  8  9 |
---------------+----------------------------+-----
Axes           | 3 4 5 7 8 |  8.6
Armour         | 1 3 4 5 6 |  6.1
Fighting       | 4 6 |  6.9
Spellcasting   | |  1.0
Fire Magic     | |  3.0

Action                     |  1- 3 |  4- 6 |  7- 9 || total
---------------------------+-------+-------+-------++-------
  Melee: Hand axe          |   147 |   204 |   277 ||   628
         Punch             |       |       |     4 ||     4
         Unarmed           |       |       |    13 ||    13
         Broad axe         |       |       |     4 ||     4
  Throw: Boomerang         |       |    15 |       ||    15
 Invoke: Fiery Armour      |       |     3 |     6 ||     9
    Use: Scroll            |     4 |       |     4 ||     8
         Potion            |     1 |     2 |     4 ||     7
 Armour: Robe              |     5 |       |       ||     5
         Chain mail        |    78 |     7 |       ||    85
         Plate armour      |       |   254 |   253 ||   507
  Dodge: Dodged            |    53 |    70 |    70 ||   193

Table legend:
 A = Non-vault XP
 B = Vault XP
 C = Vault XP percentage of total XP
 D = Non-vault monster count
 E = Vault monster count
 F = Vault count percentage of total count
                 A         B        C        D         E       F
            +---------+---------+-------+---------+---------+-------
      Total |    1681 |    1271 |  43.1 |     114 |      15 |  11.6
            +---------+---------+-------+---------+---------+-------
        D:1 |      71 |       0 |   0.0 |      37 |       0 |   0.0
        D:2 |      36 |       0 |   0.0 |      12 |       0 |   0.0
        D:3 |     127 |      86 |  40.4 |      20 |       3 |  13.0
        D:4 |     448 |      53 |  10.6 |      22 |       9 |  29.0
        D:5 |     585 |     864 |  59.6 |      15 |       2 |  11.8
        D:6 |     414 |     268 |  39.3 |       8 |       1 |  11.1
            +---------+---------+-------+---------+---------+-------
